 Dungeon Crawl Stone Soup version 0.31.0-9-g3a7656b989 (webtiles) character file.

Game seed: 10540279013317460768

105 Peloso the Covered (level 4, -3/41 HPs)
             Began as a Minotaur Fighter on Feb 1, 2024.
             Slain by a gnoll
             ... wielding a +0 halberd
              (8 damage)
             ... on level 3 of the Dungeon.
             The game lasted 00:05:30 (2750 turns).

Peloso the Covered (Minotaur Fighter)               Turns: 2750, Time: 00:05:31

Health: -3/41      AC: 12    Str: 20    XL:     4   Next: 54%
Magic:  3/3        EV:  8    Int:  5    God:
Gold:   112        SH:  5    Dex: 12    Spells: 3/3 levels left

rFire   + . .        a - +0 long sword
rCold   + . .        d - +0 buckler
rNeg    . . .        n - +0 chain mail
rPois   +            (helmet restricted)
rElec   +            c - +0 cloak
rCorr   +            (no gloves)
SInv    .            p - +0 pair of boots
Will    +....        (no amulet) Stlth
                     j - ring of willpower
HPRegen 0.26/turn    l - ring of flight
MPRegen 0.08/turn

%: no passive effects
@: resistant, flying
A: horns 2, retaliatory headbutt
a: no special abilities


You were on level 3 of the Dungeon.
You visited 1 branch of the dungeon, and saw 4 of its levels.

You collected 112 gold pieces.

Inventory:

Hand Weapons
 a - a +0 long sword (weapon)
Armour
 b - a +0 scale mail
 c - a +0 cloak (worn)
 d - a +0 buckler (worn)
 n - a +0 chain mail (worn)
 p - a +0 pair of boots (worn)
Jewellery
 j - a ring of willpower (left hand)
 l - a ring of flight (right hand)
Scrolls
 e - 2 scrolls of identify {unknown}
 g - a scroll of revelation {unknown}
 h - a scroll of fog {unknown}
 i - 3 scrolls of vulnerability {unknown}
 m - a scroll of blinking {unknown}
 o - a scroll of immolation {unknown}
Potions
 f - a potion of resistance
 k - 3 potions of might


   Skills:
 + Level 4.4 Fighting
 + Level 3.0 Long Blades
 + Level 5.0 Armour
 + Level 1.0 Dodging
 + Level 4.1 Shields


You had 3 spell levels left.
You didn't know any spells.
Your spell library was empty.

Dungeon Overview and Level Annotations

Branches:
Dungeon (4/15)
 Temple: D:4-7

Altars:
Zin

Annotations:
D:4 Blork the orc


Innate Abilities, Weirdness & Mutations

You have a pair of horns on your head.
You reflexively headbutt those who attack you in melee.


Message History

You block the gnoll's attack. The gnoll closely misses you.
The gnoll hits you with a +0 flail.
You closely miss the gnoll.
The gnoll is heavily wounded.
You block the gnoll's attack. The gnoll completely misses you.
The gnoll closely misses you.
You hit the gnoll but do no damage.
You headbutt the gnoll, but do no damage.
The gnoll is heavily wounded.
The gnoll hits you but does no damage.
The gnoll hits you from afar with a +0 halberd!
You barely miss the gnoll. Your headbutt misses the gnoll.
The gnoll is heavily wounded.
The gnoll hits you with a +0 flail.
* * * LOW HITPOINT WARNING * * *
The gnoll barely misses you. You block the gnoll's attack.
You hit the gnoll.
The gnoll is almost dead.
The gnoll hits you but does no damage. The gnoll barely misses you. x2
You hit the gnoll.
The gnoll is almost dead.
The gnoll hits you with a +0 flail!
* * * LOW HITPOINT WARNING * * *
The gnoll hits you from afar with a +0 halberd.
* * * LOW HITPOINT WARNING * * *
The gnoll attacks as it pursues you! You block the gnoll's attack.
The gnoll attacks as it pursues you! The gnoll barely misses you.
The gnoll attacks as it pursues you! The gnoll barely misses you.
You furiously retaliate!
You headbutt the gnoll!
You kill the gnoll!
Your Armour skill increases to level 5!
The gnoll attacks as it pursues you! You block the gnoll's attack.
Okay, then.
It was a potion of resistance.
You feel protected. The gnoll hits you but does no damage.
The gnoll attacks as it pursues you! The gnoll hits you but does no damage.
The gnoll attacks as it pursues you!
The gnoll hits you from afar with a +0 halberd!
You die...

### ..# #.# ###### ##### ..#
##....# #...# #.# ##....## #...#
..# ##...### #...# ######
..######...## #...# ##...._
...........########...# ##......
.........#...#.(@##...# #.......
......###.............# #.......
.....###........g.....# #.......
....## #..........g...# ##...))..
.................g....# #.....).)
#########.........#######........
......#..)## ####..#..).<.
..######...####....###..... .#
##...####...##.# #####.


You could see a gnoll and 2 hobgoblins.

Vanquished Creatures
  3 gnolls (D:3)
  An adder (D:2)
  A ribbon worm (D:2)
  2 dart slugs
  8 orcs (D:3)
  3 bats
  4 endoplasms
  2 giant cockroaches
  5 goblins
  4 hobgoblins
  3 quokkas
  4 ball pythons
  3 frilled lizards
  5 kobolds
  A rat (D:2)
49 creatures vanquished.

Notes
Turn   | Place    | Note
-------+----------+-------------------------------------------
     0 | D:1      | Peloso the Minotaur Fighter began the quest for the Orb.
     0 | D:1      | Reached XP level 1. HP: 19/19 MP: 0/0
   250 | D:1      | Reached XP level 2. HP: 27/27 MP: 1/1
   355 | D:1      | Reached skill level 4 in Armour
  1282 | D:2      | Reached XP level 3. HP: 33/33 MP: 2/2
  2223 | D:3      | Found a glowing silver altar of Zin.
  2363 | D:3      | You are sucked into a shaft and drop 1 floor!
  2400 | D:3      | Found a faded altar of an unknown god.
  2409 | D:3      | Reached XP level 4. HP: 32/40 MP: 3/3
  2633 | D:3      | Reached skill level 1 in Dodging
  2726 | D:4      | Noticed Blork the orc
  2745 | D:3      | Reached skill level 5 in Armour
  2750 | D:3      | Slain by a gnoll

Illustrated notes

Levels and vault maps discovered:
D:1:      wander_arrival_estate, layout_basic
D:2:      layout_basic
D:3:      layout_rooms, mainiacjoe_overflow_concentric_impassable,
          basic_ecumenical_altar
D:4:      layout_rooms, gammafunk_temple_overflow_pools, item_on_display_b,
          uniq_blork_the_orc

Skill      XL: |  1  2  3  4 |
---------------+-------------+-----
Armour         | 4 5 |  5.0
Fighting       | 4 |  4.4
Shields        | 4 |  4.1
Long Blades    | 3 |  3.0
Dodging        | 1 |  1.0

Action                     |  1- 3 |  4- 6 || total
---------------------------+-------+-------++-------
  Melee: Long sword        |    79 |    33 ||   112
         Headbutt          |    12 |     6 ||    18
    Use: Potion            |       |     1 ||     1
 Armour: Scale mail        |    38 |       ||    38
         Chain mail        |    14 |    48 ||    62
  Dodge: Dodged            |    53 |    28 ||    81
  Block: Buckler           |    19 |    13 ||    32
